 Dungeon Crawl Stone Soup version 0.28-a0-1524-ge72afd5fc6 (webtiles) character file.

Game seed: 11380697186005597405

71 HallandMoats the Skirmisher (level 4, -3/40 HPs)
             Began as a Ghoul Fighter on Jan 17, 2022.
             Slain by Crazy Yiuf (4 damage)
             ... while petrified by Crazy Yiuf
             ... on level 2 of the Dungeon.
             The game lasted 00:01:24 (1590 turns).

HallandMoats the Skirmisher (Ghoul Fighter)         Turns: 1590, Time: 00:01:24

Health: -3/40      AC:  6    Str: 19    XL:     4   Next: 24%
Magic:  0/3        EV:  2    Int:  5    God:
Gold:   56         SH:  0    Dex:  8    Spells: 3/3 levels left

rFire   . . .      SeeInvis .   d - +0 mace (protect)
rCold   + . .      Faith    .   c - +0 buckler
rNeg    + + +      Spirit   .   b - +0 scale mail
rPois   ∞          Reflect  .   (no helmet)
rElec   .          Harm     .   (no cloak)
rCorr   .          Rampage  .   (no gloves)
Will    .....                   (no boots)
Stlth   ..........              (no amulet)
HPRegen 0.00/turn               (no ring)
MPRegen 0.08/turn               (no ring)

@: petrified, inhibited regen
A: claws 1, cold resistance 1, negative energy resistance 3, inhibited
regeneration, torment resistance 2
a: no special abilities


You were on level 2 of the Dungeon.
You visited 1 branch of the dungeon, and saw 2 of its levels.

You collected 56 gold pieces.

Inventory:

Hand Weapons
 a - a +0 war axe
 d - a +0 mace of protection (weapon)
Armour
 b - a +0 scale mail (worn)
 c - a +0 buckler (worn)
Jewellery
 k - a ring of ice
Scrolls
 e - 2 scrolls of identify {unknown}
 f - 2 scrolls of teleportation {unknown}
 i - a scroll of enchant weapon {unknown}
 j - 2 scrolls of fog {unknown}
Potions
 g - a potion of haste {unknown}
 h - 2 potions of degeneration {unknown}
 l - a potion of resistance


   Skills:
 * Level 4.0 Fighting
 * Level 2.6 Axes
 + Level 3.0 Armour
 + Level 1.0 Dodging
 + Level 3.0 Shields


You had 3 spell levels left.
You didn't know any spells.
Your spell library was empty.

Dungeon Overview and Level Annotations

Branches:
Dungeon (2/15)

Altars:

Annotations:
D:2 Crazy Yiuf


Innate Abilities, Weirdness & Mutations

You thrive by killing the living.
You are immune to poison.
You have sharp fingernails.
Your flesh is cold resistant. (rC+)
You are immune to negative energy. (rN+++)
You do not regenerate when monsters are visible.
You are immune to unholy pain and torment.


Message History

You hit Crazy Yiuf.
Your weapon exudes an aura of protection.
Crazy Yiuf is lightly wounded.
Crazy Yiuf hits you but does no damage.
You suddenly lose the ability to move!
Crazy Yiuf hits you with a +3 quarterstaff of chaos.
Crazy Yiuf cries, "Race!"
Crazy Yiuf hits you but does no damage. Crazy Yiuf hits you but does no damage.
You resist with some effort.
You can move again.
Unknown command.
You hit Crazy Yiuf but do no damage.
Your weapon exudes an aura of protection.
Crazy Yiuf is lightly wounded.
You block Crazy Yiuf's attack. Crazy Yiuf hits you but does no damage.
Unknown command.
You hit Crazy Yiuf.
Crazy Yiuf is lightly wounded.
Crazy Yiuf hits you but does no damage.
You are slowing down.
You hit Crazy Yiuf but do no damage.
Crazy Yiuf is lightly wounded.
Crazy Yiuf hits you with a +3 quarterstaff of chaos.
Crazy Yiuf burns you.
Crazy Yiuf hits you with a +3 quarterstaff of chaos!
Crazy Yiuf burns you.
You have turned to stone.
Crazy Yiuf hits you with a +3 quarterstaff of chaos!
Crazy Yiuf freezes you.
Crazy Yiuf hits you with a +3 quarterstaff of chaos. x2
Crazy Yiuf burns you.
Crazy Yiuf hits you with a +3 quarterstaff of chaos!
Crazy Yiuf burns you.
* * * LOW HITPOINT WARNING * * *
Crazy Yiuf hits you with a +3 quarterstaff of chaos.
* * * LOW HITPOINT WARNING * * *
Crazy Yiuf barely misses you.
Crazy Yiuf hits you with a +3 quarterstaff of chaos!
* * * LOW HITPOINT WARNING * * *
You feel your power leaking away.
Crazy Yiuf hits you with a +3 quarterstaff of chaos!
You die...

#.#..
###))))###......##.##
#.# ##))##
#......##.## #.#
♣))).♣ #......##..#
#.########## ♣♣)).♣
#......###.#
...........# ♣♣.♣♣
####........
#..........# ♣♣.♣
#........
####....#### ♣.♣♣
##........ #....####
♣♣.♣ ..........
#.......# ♣@♣♣
..........
####....#### #g#
..####'#. ....)...#
... .. #.#. ........#
#...# #.#. ........#
#)..# #.#.
......###### #####
#.####†#. ......# #.#
#.......# ###...#
#.##########
#.......' #...#
#..........#
#.......#


You could see Crazy Yiuf.

Vanquished Creatures
  Terence (D:2)
  A worm (D:2)
  A dart slug (D:2)
  3 bats (D:1)
  3 endoplasms
  3 giant cockroaches (D:1)
  4 goblins
  2 hobgoblins (D:1)
  4 jackals (D:2)
  6 kobolds (D:1)
  A quokka (D:2)
  4 ball pythons
  A frilled lizard (D:1)
  2 rats (D:1)
36 creatures vanquished.

Notes
Turn   | Place    | Note
-------+----------+-------------------------------------------
     0 | D:1      | HallandMoats the Ghoul Fighter began the quest for the Orb.
     0 | D:1      | Reached XP level 1. HP: 19/19 MP: 0/0
   322 | D:1      | Reached XP level 2. HP: 20/26 MP: 1/1
   533 | D:1      | Reached XP level 3. HP: 33/33 MP: 2/2
  1224 | D:2      | Noticed Terence
  1236 | D:2      | Killed Terence
  1237 | D:2      | Reached skill level 4 in Fighting
  1237 | D:2      | Reached skill level 1 in Dodging
  1237 | D:2      | Reached XP level 4. HP: 3/40 MP: 3/3
  1571 | D:2      | Found a runed translucent door.
  1572 | D:2      | Noticed Crazy Yiuf
  1576 | D:2      | Paralysed by Crazy Yiuf for 4 turns
  1589 | D:2      | HP: 1/40 [Crazy Yiuf (7)]
  1590 | D:2      | Slain by Crazy Yiuf

Illustrated notes

Levels and vault maps discovered:
D:1:      minmay_arrival_doors, layout_rooms
D:2:      layout_basic, ebering_ecumenical_altar_box, uniq_terence,
          uniq_crazy_yiuf_cottage

Skill      XL: |  1  2  3 |
---------------+----------+-----
Axes           | 2 |  2.6
Fighting       | 4 |  4.0
Armour         | 3 |  3.0
Dodging        | 1 |  1.0
Shields        | 3 |  3.0

Action                   |  1- 3 |  4- 6 || total
-------------------------+-------+-------++-------
Melee: War axe           |    83 |       ||    83
       Mace              |       |     4 ||     4
  Use: Potion            |     1 |       ||     1
Armor: Scale mail        |    56 |     5 ||    61
Dodge: Dodged            |    66 |     1 ||    67
Block: Buckler           |    18 |     1 ||    19

Table legend: (Time is in decaauts)
 A = Elapsed time spent in this place.
 B = Non-inter-level travel time spent in this place.
 C = Inter-level travel time spent in this place.
 D = Time resting spent in this place.
 E = Time spent auto-exploring this place.
 F = Levels seen in this place.
 G = Mean time per level.
                   A        B        C        D        E       F      G
               +--------+--------+--------+--------+--------+-----+--------+
         Total |   1629 |   1597 |     32 |    535 |    807 |   2 |  814.5 |
       Dungeon |   1629 |   1597 |     32 |    535 |    807 |   2 |  814.5 |
               +--------+--------+--------+--------+--------+-----+--------+

Top non-repeatable levels by time:
     D:1: 877 daAuts
     D:2: 752 daAuts
